 Dungeon Crawl Stone Soup version 0.29.0-4-gdea44cf6ec (webtiles) character file.

Game seed: 11349465005464918352

23 qw the Chopper (level 2, 0/17 HPs)
             Began as a Tengu Warper on Aug 28, 2022.
             Succumbed to an adder's poison
             ... on level 2 of the Dungeon.
             The game lasted 00:00:04 (1245 turns).

qw the Chopper (Tengu Warper)                       Turns: 1245, Time: 00:00:05

Health: 0/17       AC:  6    Str: 11    XL:     2   Next: 95%
Magic:  6/6        EV:  9    Int: 13    God:
Gold:   86         SH:  0    Dex: 13    Spells: 5/5 levels left

rFire   . . .      SeeInvis .   Y - +1 hand axe
rCold   . . .      Faith    .   (no shield)
rNeg    . . .      Spirit   .   e - +0 scale mail
rPois   .          Reflect  .   (helmet restricted)
rElec   .          Harm     .   (no cloak)
rCorr   .          Rampage  .   (no gloves)
Will    .....                   (boots unavailable)
Stlth   ..........              (no amulet)
HPRegen 0.05/turn               (no ring)
MPRegen 0.10/turn               (no ring)

@: lethally poisoned (0 -> -11), about to teleport
A: beak, talons 3
a: no special abilities


You were on level 2 of the Dungeon.
You visited 1 branch of the dungeon, and saw 2 of its levels.

You collected 86 gold pieces.


Innate Abilities, Weirdness & Mutations

You have a beak for a mouth.
You have claws for feet.


   Skills:
 - Level 2.0 Fighting
 + Level 3.7 Axes
 - Level 1.0 Throwing
 - Level 1.1 Armour
 - Level 2.1 Dodging
 - Level 2.0 Spellcasting
 - Level 2.4 Translocations


You had 5 spell levels left.
You didn't know any spells.
Your spell library contained the following spells:

 Spells                   Type           Power      Damage    Failure   Level
 Blink                    Tloc           14%        N/A       65%         2
 Gell's Gravitas          Tloc           7%         N/A       86%         3
 Lesser Beckoning         Tloc           7%         N/A       86%         3
 Teleport Other           Tloc           7%         N/A       86%         3
 Manifold Assault         Tloc           7%         N/A       100%        5

Inventory:

Hand Weapons
 g - a +0 mace
 Y - a +1 hand axe (weapon)
Armour
 e - a +0 scale mail (worn)
Scrolls
 a - a scroll of identify
Potions
 h - a potion of curing {unknown}
 l - a potion of degeneration {unknown}

Dungeon Overview and Level Annotations

Branches:
Dungeon (2/15)

Altars:


Message History

You kill the ball python!
An adder comes into view.
Found a stone staircase leading down.
The adder hisses angrily.
An adder comes into view.
You barely miss the adder. The adder closely misses you.
A worm comes into view.
The adder bites you.
You barely miss the adder. You claw the adder.
The adder is lightly wounded.
The adder closely misses you.
You hit the adder. You claw the adder, but do no damage.
The adder is lightly wounded.
You barely miss the adder.
The adder closely misses you. x2; The adder barely misses you.
You closely miss the adder. Your kick misses the adder.
The adder is lightly wounded.
You miss the adder. The adder bites you.
You are poisoned.
The adder poisons you! The adder bites you but does no damage.
The adder barely misses you.
You barely miss the adder.
The adder is lightly wounded.
You miss the adder.
You feel sick. The adder bites you.
You are lethally poisoned!
The adder poisons you! The adder closely misses you. The adder bites you.
You are more poisoned.
The adder poisons you!
You hit the adder. You claw the adder. Your peck misses the adder.
The adder is almost dead.
You closely miss the adder.
You feel very sick.
The adder bites you. x2; The adder closely misses you.
1245 ||| READING scroll of teleportation.
As you read the scroll of teleportation, it crumbles to dust.
You feel strangely unstable.
You die...

...#
#####.?.#>
#........
#.....w#
#......#
#......#
#..S...#
#.@S...#
#.######
#####.#######
#............
##.##...#####
#.#........
#.#..#.####
#.##.#.#
#.##.#.#


You could see a worm and 2 adders.

Vanquished Creatures
  A dart slug (D:1)
  2 ball pythons
  An endoplasm (D:1)
  3 goblins
  6 hobgoblins (D:1)
  A quokka (D:1)
  2 kobolds (D:1)
  2 rats (D:1)
18 creatures vanquished.

Notes
Turn   | Place    | Note
-------+----------+-------------------------------------------
     0 | D:1      | qw the Tengu Warper began the quest for the Orb.
     0 | D:1      | Reached XP level 1. HP: 12/12 MP: 4/4
     0 | D:1      | 0 ||| qw: Version: 0.1-a-89-g26bdef1
     0 | D:1      | 0 ||| qw: Game counter: 2059
     0 | D:1      | 0 ||| qw: Always use a shield: true
     0 | D:1      | 0 ||| qw: God list: Okawaru
     0 | D:1      | 0 ||| qw: Allow faded altars: false
     0 | D:1      | 0 ||| qw: Do Orc after D:15 true
     0 | D:1      | 0 ||| qw: Do second Lair branch before Depths: true
     0 | D:1      | 0 ||| qw: Lair rune preference: random
     0 | D:1      | 0 ||| qw: Plans: Normal
     0 | D:1      | 0 ||| PLANNING D:1-11
    89 | D:1      | Reached XP level 2. HP: 6/17 MP: 6/6
    90 | D:1      | Reached skill level 3 in Axes
   641 | D:1      | 641 ||| Stepping ~*~*~tactically~*~*~ (hiding).
   810 | D:1      | 810 ||| Stepping ~*~*~tactically~*~*~ (stealth).
   811 | D:1      | 811 ||| Stepping ~*~*~tactically~*~*~ (stealth).
  1123 | D:1      | 1123 ||| UPGRADING to +0 scale mail.
  1133 | D:1      | 1133 ||| DROPPING +0 leather armour.
  1134 | D:1      | 1134 ||| DROPPING ring of wizardry.
  1135 | D:1      | 1135 ||| READING 2 scrolls labelled BANORGHE EF JUC.
  1136 | D:1      | 1136 ||| READING scroll labelled HUF PAR YSTROF.
  1137 | D:1      | 1137 ||| READING 2 scrolls labelled UPTISOEMUO.
  1142 | D:1      | 1142 ||| READING scroll labelled FEMYESCH FEEJA.
  1143 | D:1      | 1143 ||| READING scroll labelled SIKAGR JECUH.
  1144 | D:1      | 1144 ||| DROPPING scroll of blinking.
  1244 | D:2      | HP: 4/17 [adder (2)]
  1245 | D:2      | 1245 ||| READING scroll of teleportation.
  1245 | D:2      | Succumbed to an adder's poison

Levels and vault maps discovered:
D:1:      elethiomel_arrival_quiet, layout_loops_ring,
          hangedman_abyss_or_decor_lesser_grid
D:2:      layout_basic, uniq_terence

Skill      XL: |  1  2 |
---------------+-------+-----
Axes           | 3 |  3.7
Fighting       | |  2.0
Throwing       | |  1.0
Armour         | |  1.1
Dodging        | |  2.1
Spellcasting   | |  2.0
Translocations | |  2.4

Action                   || total
-------------------------++-------
Melee: Hand axe          ||    38
       Kick              ||     9
       Peck              ||     1
Throw: Boomerang         ||     7
  Use: Scroll            ||     6
Armor: Leather armour    ||     2
       Scale mail        ||     4
Dodge: Dodged            ||    18

Table legend:
 A = Non-vault XP
 B = Vault XP
 C = Vault XP percentage of total XP
 D = Non-vault monster count
 E = Vault monster count
 F = Vault count percentage of total count
                 A         B        C        D         E       F
            +---------+---------+-------+---------+---------+-------
      Total |      33 |       0 |   0.0 |      18 |       0 |   0.0
            +---------+---------+-------+---------+---------+-------
        D:1 |      30 |       0 |   0.0 |      16 |       0 |   0.0
        D:2 |       3 |       0 |   0.0 |       2 |       0 |   0.0
            +---------+---------+-------+---------+---------+-------
